 Dungeon Crawl Stone Soup version 0.16.1-11-g651b585 (webtiles) character file.

114 Magnus the Grave Robber (level 4, -11/30 HPs)
             Began as a Mummy Necromancer on Apr 4, 2015.
             Mangled by an ogre
             ... wielding a +0 giant club
              (14 damage)
             ... on level 3 of the Dungeon.
             The game lasted 00:24:59 (3558 turns).

Magnus the Grave Robber (Mummy Necromancer)         Turns: 3558, Time: 00:25:00

Health: -11/30     AC:  5    Str: 14    XL:     4   Next: 67%
Magic:  7/9        EV: 12    Int: 15    God:
Gold:   88         SH:  0    Dex: 12    Spells: 2 memorised, 7 levels left

rFire  x . .     SeeInvis .     k - +0 dagger (speed)
rCold  + . .     Clarity  .     a - +0 robe
rNeg   + + +     SustAb   .     (no shield)
rPois  ∞         Gourm    .     d - +0 helmet
rElec  .         Spirit   .     (no cloak)
rCorr  .         Warding  +     f - +1 pair of gloves
rMut   .         Stasis   .     (no boots)
MR     .....                    i - amulet of warding
Stlth  ++........               (no ring)
                                h - +3 ring of strength

@: not resistant to hostile enchantments, unstealthy
A: no food or potions, fire vulnerability, restore body, cold resistance 1,
negative energy resistance 3, poison resistance, torment resistance, unbreathing
a: no special abilities


You were on level 3 of the Dungeon.
You were not hungry.

You visited 1 branch of the dungeon, and saw 4 of its levels.

You collected 88 gold pieces.

Inventory:

Hand weapons
 k - a +0 dagger of speed (weapon)
Armour
 a - a +0 robe (worn)
 d - a +0 helmet (worn)
 f - a +1 pair of gloves (worn)
Jewellery
 h - a +3 ring of strength (left hand)
 i - an amulet of warding (around neck)
Scrolls
 c - 5 scrolls of remove curse
 g - 4 scrolls of identify
Books
 b - a book of Necromancy

   Spells                             Type                      Level
   a - Pain                           Necromancy                   1
   b - Animate Skeleton               Necromancy                   1
   c - Vampiric Draining              Necromancy                   3
   d - Regeneration                   Charms/Necromancy            3
   e - Animate Dead                   Necromancy                   4
   f - Control Undead                 Necromancy                   4


   Skills:
 + Level 2.5 Dodging
 - Level 1.6 Stealth
 + Level 3.1 Spellcasting
 + Level 4.8 Necromancy


You had 7 spell levels left.
You knew the following spells:

 Your Spells              Type           Power        Failure   Level  Hunger
a - Pain                  Necr           ###.         2%          1    N/A
b - Animate Skeleton      Necr           N/A          2%          1    N/A

Dungeon Overview and Level Annotations

Branches:
Dungeon (4/15)
 Temple: D:4-7

Altars:


Innate Abilities, Weirdness & Mutations

You do not eat or drink.
Your flesh is vulnerable to fire.
Your flesh is cold resistant.
You are immune to negative energy.
Your system is resistant to poisons.
You are immune to unholy pain and torment.
You can survive without breathing.


Message History

Confirm with . or Enter, or press ? or * to list all spells.
Aiming: Pain
Press: ? - help, Shift-Dir - straight line, f - ogre
Aim: an ogre, wielding a giant club (chance 75%)
The ogre convulses in agony!
Casting: Pain
Confirm with . or Enter, or press ? or * to list all spells.
Aiming: Pain
Press: ? - help, Shift-Dir - straight line, f/p - ogre
Aim: an ogre, wielding a giant club (moderately wounded, chance 75%)
The ogre struggles to resist.
The ogre hits you with a giant club!!
Ouch! That really hurt!
* * * LOW HITPOINT WARNING * * *
You climb upwards.
There is a stone staircase leading down here.
Read which item? (? for menu, Esc to quit)
Okay, then.
The ogre hits you with a giant club!
You die...

###### ###########
.....###.........#
.....'.........O>##############
.....###........@#.......!....#
#.....##....####..............#
............## #..............#
.............###....###########
.##........#........#
.##........#.###....#
.######....#..##....#
....................#
............#.#.....#


You could see an ogre.

Vanquished Creatures
  5 adders
  2 worms
  An ooze (D:3)
  5 orcs (D:3)
  3 giant cockroaches
  4 goblins
  8 hobgoblins
  3 jackals
  7 bats
  5 giant newts
  9 kobolds
  10 rats
62 creatures vanquished.

Vanquished Creatures (collateral kills)
  A giant cockroach (D:3)
  A bat (D:1)
2 creatures vanquished.

Vanquished Creatures (others)
  An adder skeleton (D:3)
  A bat skeleton (D:3)
  A goblin skeleton (D:1)
  A hobgoblin skeleton (D:3)
  A jackal skeleton (D:1)
  2 kobold skeletons
  2 orc skeletons (D:3)
  A rat skeleton (D:2)
10 creatures vanquished.

Grand Total: 74 creatures vanquished

Notes
Turn   | Place    | Note
--------------------------------------------------------------
     0 | D:1      | Magnus, the Mummy Necromancer, began the quest for the Orb.
     0 | D:1      | Reached XP level 1. HP: 13/13 MP: 3/3
   364 | D:1      | Reached XP level 2. HP: 14/19 MP: 0/4
   368 | D:1      | Learned a level 1 spell: Animate Skeleton
  1645 | D:2      | Reached XP level 3. HP: 24/24 MP: 4/6
  2475 | D:3      | Reached XP level 4. HP: 26/30 MP: 0/8
  3495 | D:4      | Noticed a phantom
  3495 | D:4      | Noticed an ogre
  3558 | D:3      | Mangled by an ogre

Action                   |  1- 3 |  4- 6 || total
-------------------------+-------+-------++-------
Melee: Unarmed           |     4 |     1 ||     5
 Cast: Pain              |    89 |    41 ||   130
       Animate Skeleton  |     9 |     3 ||    12
  Use: Scroll            |     4 |     5 ||     9
